[Event "Titled Tuesday Blitz September 27 Early 2022"]
[White "Martinez Alcantara, Jose Eduardo"]
[Black "Ravi, Teja S."]
[WhiteFideId "3805662"]
[BlackFideId "5017220"]
[WhiteElo "2703"]
[BlackElo "2432"]
[Result "1-0"]
[Round "06"]
[TimeControl "180+1"]
[Date "2022.09.27"]
[WhiteClock "0:02:41"]
[BlackClock "0:01:57"]

1. e4 c6 2. d4 d5 3. e5 Bf5 4. h4 h5 5. Bd3 Bxd3 6. Qxd3 Qa5+ 7. b4 Qa6 8. e6 Qxd3 9. cxd3 fxe6 10. Nd2 Nd7 11. Ndf3 e5 12. dxe5 e6 13. Rb1 Nh6 14. Nh3 Ng4 15. d4 Be7 16. Bg5 Nh6 17. Nf4 Kf7 18. Bxe7 Kxe7 19. Ng6+ Kf7 20. Nxh8+ Rxh8 21. b5 c5 22. dxc5 Nxc5 23. O-O Nf5 24. b6 a6 25. Rbc1 Rc8 26. Rc2 1-0


[Site "https://www.chess.com"]

[Event "Titled Tuesday Blitz September 27 Early 2022"]
[White "Matinian, Nikita"]
[Black "Miszler, Levente"]
[WhiteFideId "24129100"]
[BlackFideId "763276"]
[WhiteElo "2422"]
[BlackElo "1966"]
[Result "0-1"]
[Round "06"]
[TimeControl "180+1"]
[Date "2022.09.27"]
[WhiteClock "0:00:11"]
[BlackClock "0:00:08"]

1. e4 c5 2. Nc3 Nc6 3. Bb5 Nd4 4. Nf3 a6 5. Bd3 e6 6. O-O g6 7. Nxd4 cxd4 8. Ne2 Bg7 9. c3 dxc3 10. dxc3 Ne7 11. Bf4 d5 12. Qc2 O-O 13. Rad1 Bd7 14. Rfe1 Qa5 15. e5 Rac8 16. h4 Bb5 17. Bxb5 Qxb5 18. h5 Rc4 19. h6 Bh8 20. Nd4 Qd7 21. Qe2 Rfc8 22. Qf3 Nc6 23. Nc2 Qc7 24. Ne3 Rxf4 25. Qxf4 Bxe5 26. Qg4 b5 27. g3 Rf8 28. a4 f5 29. Qe2 f4 30. Ng4 fxg3 31. fxg3 Rf5 32. axb5 axb5 33. Ra1 Qb6+ 34. Kg2 Rg5 35. Ra8+ Kf7 36. Rf1+ Ke7 37. Qf3 Rf5 38. Qe3 Qb7 39. Rxf5 gxf5 40. Qg5+ Kd6 41. Rd8+ Kc5 42. Qe3+ d4 43. b4+ Kc4 44. Qe2+ d3 45. Qxd3+ Kb3 46. c4+ Kxb4 47. Qd2+ Kc5 48. Qf2+ Kb4 49. Qe1+ Bc3 50. Qb1+ Kc5 51. Qxb5+ Qxb5 52. cxb5 Nxd8 53. Nf2 Kxb5 54. Nd3 Kc4 55. Nf4 Bd2 56. Kf3 Bxf4 57. Kxf4 Kd5 58. Kg5 e5 59. Kxf5 e4 60. Kf4 Kd4 61. g4 e3 62. g5 Ne6+ 63. Kf5 Nxg5 64. Kxg5 e2 65. Kf6 e1=Q 66. Kg7 Qe4 67. Kh8 Qf5 68. Kg7 Ke5 69. Kh8 Qf8+ 70. Kxh7 Qf7+ 71. Kh8 Kf6 72. h7 Qf8# 0-1


[Site "https://www.chess.com"]

[Event "Titled Tuesday Blitz September 27 Early 2022"]
[White "Matt, Fabian"]
[Black "Shapiro, Daniel"]
[WhiteFideId "1623303"]
[BlackFideId "2001780"]
[WhiteElo "2287"]
[BlackElo "2216"]
[Result "1-0"]
[Round "06"]
[TimeControl "180+1"]
[Date "2022.09.27"]
[WhiteClock "0:00:07"]
[BlackClock "0:00:12"]

1. d4 Nf6 2. c4 e6 3. Nf3 b6 4. g3 Ba6 5. Nbd2 Bb7 6. Bg2 c5 7. dxc5 Bxc5 8. O-O O-O 9. a3 Be7 10. b3 d6 11. Bb2 Qc7 12. Rc1 Nbd7 13. Qc2 Rac8 14. Rfd1 Qb8 15. Qb1 Qa8 16. Ne1 Rfd8 17. Bxb7 Qxb7 18. Nd3 a6 19. b4 d5 20. cxd5 Nxd5 21. Nf3 Bf6 22. Nde5 Rxc1 23. Rxc1 Rc8 24. Rxc8+ Qxc8 25. e4 Ne7 26. Qd3 Nf8 27. Kg2 Qc7 28. h4 Nfg6 29. Nxg6 hxg6 30. e5 Nd5 31. exf6 gxf6 32. h5 gxh5 33. Qxa6 Qc6 34. Qe2 h4 35. Qe4 hxg3 36. fxg3 Qb5 37. Qg4+ Kf8 38. Bd4 Qd3 39. Qh4 Qxa3 40. Bxf6 Nxf6 41. Qxf6 Qxb4 42. Ne5 Qe4+ 43. Kh2 Qh7+ 44. Kg1 Qb1+ 45. Kf2 Qf5+ 46. Qxf5 exf5 47. Kf3 Ke7 48. Kf4 Ke6 49. Nd3 b5 50. Nc5+ Kd5 51. Na6 Ke6 52. Nb4 f6 53. Nd3 Kd5 54. Kxf5 Kd4 55. Nc1 Kc3 56. Kxf6 Kc2 57. Na2 Kb3 58. Nc1+ Kc2 59. Ne2 b4 60. g4 Kd2 61. Nd4 Kc3 62. Ke5 Kc4 63. g5 b3 64. Nxb3 Kxb3 65. g6 Kc2 66. g7 Kd2 67. g8=Q Ke2 68. Qg3 1-0


[Site "https://www.chess.com"]

[Event "Titled Tuesday Blitz September 27 Early 2022"]
[White "Matveeva, Olga"]
[Black "Namitbir Singh Walia"]
[WhiteFideId "24107018"]
[BlackFideId "35071068"]
[WhiteElo "2056"]
[BlackElo "1664"]
[Result "1-0"]
[Round "06"]
[TimeControl "180+1"]
[Date "2022.09.27"]
[WhiteClock "0:00:06"]
[BlackClock "0:00:02"]

1. d4 d5 2. c4 c6 3. Nf3 Nf6 4. e3 e6 5. b3 Nbd7 6. Bd3 Bd6 7. Bb2 O-O 8. O-O Re8 9. Ne5 Qc7 10. f4 b6 11. Nd2 Bb7 12. Rc1 c5 13. cxd5 Nxd5 14. Bxh7+ Kf8 15. Qe2 N7f6 16. Bd3 Nb4 17. Bb5 Red8 18. a3 Nc6 19. dxc5 bxc5 20. Ndc4 a6 21. Bxc6 Bxc6 22. Nxc6 Qxc6 23. Bxf6 gxf6 24. Qh5 Bc7 25. e4 Qxe4 26. Qxc5+ Kg7 27. Qxc7 Rac8 28. Qb6 Rd3 29. Kh1 Rcd8 30. Rb1 Qe2 31. Qf2 Qh5 32. Ne3 Rc3 33. Nc4 Rdd3 34. f5 e5 35. Na5 Qg5 36. Rbd1 Rxd1 37. Rxd1 Rc1 38. Qf1 Rc2 39. h3 Qg3 40. b4 1-0


[Site "https://www.chess.com"]

[Event "Titled Tuesday Blitz September 27 Early 2022"]
[White "Maung, Maung Kyaw Zaw Hein"]
[Black "Gabdrakhmanov, Azat"]
[WhiteFideId "13001698"]
[BlackFideId "34189197"]
[WhiteElo "1785"]
[BlackElo "2233"]
[Result "1/2-1/2"]
[Round "06"]
[TimeControl "180+1"]
[Date "2022.09.27"]
[WhiteClock "0:00:10"]
[BlackClock "0:00:13"]

1. Nf3 c5 2. c4 Nf6 3. Nc3 e6 4. d4 cxd4 5. Nxd4 Be7 6. g3 d6 7. Bg2 a6 8. O-O Qc7 9. b3 Bd7 10. Bb2 Nc6 11. h3 O-O-O 12. Rc1 Nxd4 13. Qxd4 Kb8 14. Rfd1 Qc5 15. Qxc5 dxc5 16. Ne4 Nxe4 17. Bxe4 f6 18. Rd2 e5 19. Kh2 Kc7 20. Rcd1 Bc8 21. Rd5 h6 22. Ba3 b6 23. Bb2 Be6 24. R5d2 Rxd2 25. Rxd2 b5 26. Bd5 Bf5 27. e4 Bd7 28. f4 exf4 29. gxf4 Re8 30. e5 bxc4 31. Bxc4 Bb5 32. Kg3 Bxc4 33. bxc4 Kc6 34. Kg4 Rf8 35. h4 g6 36. Re2 f5+ 37. Kg3 Rb8 38. e6 Rb4 39. Bg7 Rxc4 40. Bxh6 Re4 41. Rxe4 fxe4 42. h5 gxh5 43. f5 Kd5 44. Bg7 h4+ 45. Kh3 e3 46. f6 Bxf6 47. Bxf6 Kxe6 48. Bxh4 Kd5 49. Kg2 Kd4 50. Kf3 Kd3 51. Be1 c4 52. a4 e2 53. a5 c3 54. Bxc3 Kxc3 55. Kxe2 Kb4 56. Kd1 Kxa5 57. Kc2 Kb4 58. Kb2 a5 59. Ka2 a4 60. Ka1 a3 61. Ka2 Ka4 62. Ka1 Kb3 63. Kb1 a2+ 64. Ka1 Ka3 1/2-1/2


[Site "https://www.chess.com"]

[Event "Titled Tuesday Blitz September 27 Early 2022"]
[White "Meshkovs, Nikita"]
[Black "Tang, Andrew"]
[WhiteFideId "11602740"]
[BlackFideId "2059630"]
[WhiteElo "2506"]
[BlackElo "2584"]
[Result "0-1"]
[Round "06"]
[TimeControl "180+1"]
[Date "2022.09.27"]
[WhiteClock "0:00:01"]
[BlackClock "0:00:48"]

1. c4 e6 2. Nf3 d5 3. d4 Nf6 4. g3 dxc4 5. Bg2 Nc6 6. O-O Rb8 7. Qd2 Be7 8. Ne5 Nxe5 9. dxe5 Nd5 10. Rd1 O-O 11. Qe1 Qe8 12. Na3 b5 13. Nc2 Bb7 14. e4 Nb6 15. Be3 c5 16. Qa5 Qc6 17. Rd2 Rfd8 18. Rad1 Rxd2 19. Rxd2 h6 20. h4 a6 21. h5 Nd7 22. f4 b4 23. Bf2 Bd8 0-1


[Site "https://www.chess.com"]

[Event "Titled Tuesday Blitz September 27 Early 2022"]
[White "Mickiewicz, Piotr"]
[Black "Roque Sola, Gisela"]
[WhiteFideId "1114891"]
[BlackFideId "5120241"]
[WhiteElo "2246"]
[BlackElo "1845"]
[Result "1-0"]
[Round "06"]
[TimeControl "180+1"]
[Date "2022.09.27"]
[WhiteClock "0:00:09"]
[BlackClock "0:00:04"]

1. Nf3 Nf6 2. g3 b6 3. Bg2 Bb7 4. O-O e6 5. c4 Be7 6. b3 O-O 7. Bb2 c5 8. e3 Nc6 9. Qe2 d5 10. Rd1 Qc7 11. Nc3 a6 12. cxd5 exd5 13. d4 cxd4 14. Nxd4 Nxd4 15. Rxd4 Bc5 16. Rd2 Rad8 17. Rc1 Qe7 18. Na4 Ne4 19. Bxe4 dxe4 20. Nxc5 Rxd2 21. Qxd2 bxc5 22. Qc3 f6 23. Qxc5 Qxc5 24. Rxc5 Rf7 25. Bd4 Rd7 26. h4 Kf7 27. Kf1 Ke6 28. g4 Bd5 29. Rc8 Bb7 30. Rh8 h6 31. Ke2 Bc6 32. Kd2 Bb5 33. Kc3 Rc7+ 34. Kb4 Rc2 35. a4 Bd3 36. g5 hxg5 37. hxg5 Rxf2 38. gxf6 gxf6 39. Ka5 Rf5+ 40. Kb6 Bc2 41. b4 Bxa4 42. Kc7 Bb5 43. Re8+ Kd5 44. Rd8+ Kc4 45. Bc5 Re5 46. Kb6 Re6+ 47. Ka5 f5 48. Rd4+ Kc3 49. Rd5 f4 50. exf4 e3 51. f5 e2 52. fxe6 e1=Q 53. e7 Qe6 54. Rd6 Qc8 55. Kb6 Qb8+ 56. Ka5 Qc7+ 57. Rb6 Kb3 58. Bd6 Qd7 59. Bc5 Ka3 60. Rb8 Bc4 61. e8=Q Qc7+ 62. Rb6 Bb3 63. Qc6 Qf4 64. Rxa6 Qc4 65. Kb6+ Kb2 66. Qf6+ Kc2 67. Qd4 Qe6+ 68. Bd6 1-0


[Site "https://www.chess.com"]

[Event "Titled Tuesday Blitz September 27 Early 2022"]
[White "Mihailidis, Anastasios"]
[Black "Azadaliyev, Jahandar"]
[WhiteFideId "4205588"]
[BlackFideId "13425811"]
[WhiteElo "2312"]
[BlackElo "1810"]
[Result "0-1"]
[Round "06"]
[TimeControl "180+1"]
[Date "2022.09.27"]
[WhiteClock "0:00:01"]
[BlackClock "0:01:06"]

1. e4 c6 2. d4 d5 3. exd5 cxd5 4. Bd3 Nc6 5. c3 Nf6 6. Bf4 Bg4 7. Qb3 Qc8 8. Nd2 e6 9. Ngf3 Bh5 10. O-O Be7 11. Rae1 O-O 12. Ne5 Nxe5 13. Bxe5 Nd7 14. Bf4 a6 15. a4 Bg6 16. Bxg6 hxg6 17. Rc1 Qc6 18. c4 dxc4 19. Rxc4 Qd5 20. Rc7 Qxd4 21. Be3 Qd6 22. Rfc1 Nf6 23. Rxb7 Ng4 24. Nf3 Rab8 25. Bc5 Rxb7 26. Qxb7 Qf4 27. Rc2 Rd8 28. Bd4 Rxd4 29. Nxd4 Qxd4 30. Qc8+ Kh7 31. Rc1 Qxf2+ 32. Kh1 Qf4 33. h3 Qh2# 0-1


[Site "https://www.chess.com"]

[Event "Titled Tuesday Blitz September 27 Early 2022"]
[White "Milikow, Yoav"]
[Black "Makhnev, Denis"]
[WhiteFideId "2822237"]
[BlackFideId "13707647"]
[WhiteElo "2341"]
[BlackElo "2486"]
[Result "1/2-1/2"]
[Round "06"]
[TimeControl "180+1"]
[Date "2022.09.27"]
[WhiteClock "0:01:31"]
[BlackClock "0:02:38"]

1. d4 d5 2. c4 dxc4 3. Nf3 Nf6 4. e3 e6 5. Bxc4 c5 6. O-O a6 7. b3 b6 8. dxc5 Bxc5 9. Bb2 Bb7 10. Nbd2 Nbd7 11. a3 Qe7 12. Qe2 O-O 13. Rfd1 Rac8 14. Bxa6 Bxa6 15. Qxa6 Ra8 16. Qb5 Bxa3 17. Bxa3 Rxa3 18. Rxa3 Qxa3 19. Nc4 Qc5 20. Nd4 1/2-1/2


[Site "https://www.chess.com"]

[Event "Titled Tuesday Blitz September 27 Early 2022"]
[White "Mitrovic, Darko R"]
[Black "Samaganova, Aleksandra"]
[WhiteFideId "927023"]
[BlackFideId "13800221"]
[WhiteElo "2150"]
[BlackElo "1864"]
[Result "0-1"]
[Round "06"]
[TimeControl "180+1"]
[Date "2022.09.27"]
[WhiteClock "0:00:01"]
[BlackClock "0:00:03"]

1. d4 Nf6 2. c4 e6 3. Nf3 b6 4. g3 Bb7 5. Bg2 Be7 6. O-O O-O 7. Nc3 Ne4 8. Nxe4 Bxe4 9. Ne1 Bxg2 10. Nxg2 d5 11. b3 Bf6 12. Bb2 Qd7 13. Rc1 dxc4 14. Rxc4 Rd8 15. Qc2 Na6 16. e3 Rac8 17. Rc1 h6 18. a4 Qe7 19. Nf4 g6 20. Bc3 c5 21. Be1 Rb8 22. b4 cxd4 23. exd4 Bxd4 24. Nxg6 fxg6 25. Qxg6+ Bg7 26. Bc3 e5 27. Rc6 Qf7 28. Qg4 Qd7 29. Qg6 Qf7 30. Qg4 Kh8 31. Rg6 Rb7 32. Re1 Re8 33. h4 Nb8 34. h5 Rbe7 35. b5 Nd7 0-1


[Site "https://www.chess.com"]

[Event "Titled Tuesday Blitz September 27 Early 2022"]
[White "Molina, Roberto Junio Brito"]
[Black "Winterberg, Lukas"]
[WhiteFideId "2109450"]
[BlackFideId "24622702"]
[WhiteElo "2403"]
[BlackElo "2349"]
[Result "0-1"]
[Round "06"]
[TimeControl "180+1"]
[Date "2022.09.27"]
[WhiteClock "0:00:30"]
[BlackClock "0:00:09"]

1. d4 Nf6 2. Nf3 d5 3. e3 c5 4. c3 Nc6 5. Nbd2 cxd4 6. exd4 Bf5 7. Nh4 Bd7 8. Bd3 e6 9. O-O Bd6 10. g3 g5 11. Nhf3 Rg8 12. Re1 Qc7 13. Nf1 h6 14. Qe2 O-O-O 15. Ne5 Be8 16. f4 Ne4 17. Bxe4 dxe4 18. Nxc6 Bxc6 19. fxg5 hxg5 20. Ne3 Bxg3 21. hxg3 Qxg3+ 22. Ng2 Rh8 23. Qe3 Qh2+ 24. Kf2 Rh3 25. Qxg5 Rf3+ 26. Ke2 Rg3 27. Qf4 Qxg2+ 28. Kd1 Rxc3 29. Bd2 Rd3 30. Re2 Qg1+ 31. Re1 Qxd4 32. Re2 Qxb2 33. Rc1 e3 34. Rc2 Qb1+ 35. Rc1 Rxd2+ 0-1


[Site "https://www.chess.com"]

[Event "Titled Tuesday Blitz September 27 Early 2022"]
[White "Narayanan, Srinath"]
[Black "Poltorak, Sebastian"]
[WhiteFideId "5018420"]
[BlackFideId "1199498"]
[WhiteElo "2459"]
[BlackElo "2104"]
[Result "1-0"]
[Round "06"]
[TimeControl "180+1"]
[Date "2022.09.27"]
[WhiteClock "0:00:30"]
[BlackClock "0:00:06"]

1. d4 Nf6 2. c4 g6 3. g3 Bg7 4. Bg2 d5 5. cxd5 Nxd5 6. e4 Nb6 7. Ne2 c5 8. d5 O-O 9. Nbc3 e6 10. O-O exd5 11. exd5 Na6 12. a3 Bf5 13. Bf4 Nc4 14. Qb3 Nd6 15. Rad1 b6 16. Rfe1 Re8 17. h4 Nc7 18. Qa2 Qd7 19. b4 cxb4 20. axb4 Ncb5 21. Nxb5 Nxb5 22. Be3 Nc3 23. Nxc3 Bxc3 24. Bd2 Rxe1+ 25. Rxe1 Bxd2 26. Qxd2 a5 27. d6 Rd8 28. Re7 Qa4 29. Bd5 Rf8 30. bxa5 bxa5 31. Kh2 Qb5 32. Qd4 a4 33. Qe5 Qc5 34. Bxf7+ Rxf7 35. Re8+ Rf8 36. Rxf8+ Kxf8 37. Qxc5 1-0


[Site "https://www.chess.com"]

[Event "Titled Tuesday Blitz September 27 Early 2022"]
[White "Nazari, Arad"]
[Black "Petrosyan, Manuel"]
[WhiteFideId "12577324"]
[BlackFideId "13300857"]
[WhiteElo "2129"]
[BlackElo "2592"]
[Result "0-1"]
[Round "06"]
[TimeControl "180+1"]
[Date "2022.09.27"]
[WhiteClock "0:00:03"]
[BlackClock "0:00:20"]

1. e4 c5 2. Nf3 Nc6 3. Bb5 e6 4. O-O Nge7 5. d4 cxd4 6. Nxd4 Ng6 7. Nxc6 bxc6 8. Be2 d5 9. exd5 cxd5 10. c4 Bd6 11. cxd5 O-O 12. Nc3 Rb8 13. dxe6 Bxe6 14. Nb5 Bc5 15. a3 Qf6 16. Qc2 Rbc8 17. Qa4 Rfd8 18. Nc3 Bd4 19. Bd2 Nh4 20. g3 Nf3+ 21. Bxf3 Qxf3 22. Qd1 Qb7 23. Qh5 Qxb2 24. Ne4 Qc2 25. Rae1 Bc4 26. Bg5 Re8 27. Nd6 Rxe1 28. Rxe1 Qxf2+ 0-1


[Site "https://www.chess.com"]

[Event "Titled Tuesday Blitz September 27 Early 2022"]
[White "Niekras, Dawid"]
[Black "Murtazin, Ruslan"]
[WhiteFideId "1160451"]
[BlackFideId "24175960"]
[WhiteElo "2296"]
[BlackElo "2212"]
[Result "0-1"]
[Round "06"]
[TimeControl "180+1"]
[Date "2022.09.27"]
[WhiteClock "0:00:03"]
[BlackClock "0:00:05"]

1. e4 e6 2. d4 d5 3. e5 c5 4. c3 Qa5 5. Nf3 cxd4 6. Bd3 dxc3 7. Nxc3 Nc6 8. O-O Nge7 9. Re1 a6 10. h4 h5 11. Bf4 b5 12. a3 Bb7 13. Qe2 g6 14. b4 Qb6 15. a4 Nxb4 16. axb5 Nf5 17. bxa6 Bxa6 18. Bxa6 Rxa6 19. Rxa6 Qxa6 20. Qxa6 Nxa6 21. Ra1 Nc7 22. Ra7 Kd8 23. Ng5 Nh6 24. Be3 Kc8 25. Bb6 Na8 26. Ba5 Kb8 27. Nb5 Bc5 28. Rd7 Kc8 29. Rxf7 Nxf7 30. Nxf7 Rf8 31. Ng5 Re8 32. Nd6+ Bxd6 33. exd6 Kd7 34. Bb4 Nb6 35. Nf3 Nc4 36. g3 Nxd6 37. Ne5+ Kc7 38. Nxg6 e5 39. Kg2 d4 40. Kf3 e4+ 41. Ke2 d3+ 42. Kd1 Nc4 43. Nf4 Rb8 44. Bc3 Rb1# 0-1


[Site "https://www.chess.com"]

[Event "Titled Tuesday Blitz September 27 Early 2022"]
[White "Nigmatov, Ortik"]
[Black "Shuvalov, Evgenij"]
[WhiteFideId "14202131"]
[BlackFideId "4187237"]
[WhiteElo "2378"]
[BlackElo "2033"]
[Result "1-0"]
[Round "06"]
[TimeControl "180+1"]
[Date "2022.09.27"]
[WhiteClock "0:01:04"]
[BlackClock "0:00:34"]

1. e4 e6 2. Qe2 c5 3. Nf3 Nc6 4. g3 Nf6 5. Bg2 Be7 6. O-O O-O 7. d3 d5 8. e5 Ne8 9. Re1 Nc7 10. Bf4 b5 11. Nbd2 a5 12. h4 h6 13. Bh3 b4 14. Kh2 Nb5 15. Rg1 a4 16. h5 a3 17. b3 Ncd4 18. Nxd4 Nxd4 19. Qd1 Bb7 20. Nf3 Nxf3+ 21. Qxf3 Ra7 22. Qe2 d4 23. Bd2 Qd5 24. f4 Ra6 25. Raf1 f5 26. g4 fxg4 27. Rxg4 Rf7 28. Rg6 Bf8 29. Rfg1 Kh8 30. Qg4 Qf3 31. Rxh6+ Kg8 32. Qxf3 Bxf3 33. Rxe6 Rfa7 34. h6 Kh7 35. Bf5+ Kh8 36. hxg7+ Bxg7 37. Re8+ Bf8 38. Rxf8# 1-0


[Site "https://www.chess.com"]

[Event "Titled Tuesday Blitz September 27 Early 2022"]
[White "Orlov, Georgi"]
[Black "Sargissyan, Sargis"]
[WhiteFideId "2011271"]
[BlackFideId "13303210"]
[WhiteElo "2581"]
[BlackElo "2102"]
[Result "1-0"]
[Round "06"]
[TimeControl "180+1"]
[Date "2022.09.27"]
[WhiteClock "0:00:19"]
[BlackClock "0:00:08"]

1. d4 Nf6 2. Nf3 g6 3. c4 Bg7 4. Nc3 d5 5. Qb3 dxc4 6. Qxc4 O-O 7. e4 Nc6 8. Be2 Bg4 9. d5 Bxf3 10. gxf3 Ne5 11. Qb3 c6 12. f4 Ned7 13. dxc6 bxc6 14. e5 Nc5 15. Qc4 Nfd7 16. Be3 Ne6 17. Qxc6 Rc8 18. Qd5 Qc7 19. O-O Nb6 20. Qb5 Nc4 21. Nd5 Nxe3 22. Nxc7 Nxc7 23. Qb7 Nxf1 24. Bxf1 Ne6 25. Qxe7 Nxf4 26. Re1 Rfe8 27. Qxa7 Bxe5 28. b4 Nd5 29. Qa5 Bxh2+ 30. Kxh2 Rxe1 31. Bh3 Rc2 32. Qxd5 Rxf2+ 33. Kg3 Ree2 34. Bg4 Rg2+ 35. Qxg2 Rxg2+ 36. Kxg2 f5 37. Bf3 Kf7 38. a4 1-0


[Site "https://www.chess.com"]

[Event "Titled Tuesday Blitz September 27 Early 2022"]
[White "Ozen, Bahadir"]
[Black "Kukula, Pawel"]
[WhiteFideId "6337058"]
[BlackFideId "1115081"]
[WhiteElo "2503"]
[BlackElo "2062"]
[Result "1-0"]
[Round "06"]
[TimeControl "180+1"]
[Date "2022.09.27"]
[WhiteClock "0:01:14"]
[BlackClock "0:00:03"]

1. g3 g6 2. Bg2 Bg7 3. Nf3 d6 4. O-O Nf6 5. d4 O-O 6. Re1 Nc6 7. d5 Nb8 8. e4 c5 9. a4 e5 10. dxe6 Bxe6 11. Nc3 Nc6 12. Bf4 Ne8 13. Qd2 Nd4 14. Nxd4 Bxd4 15. Rad1 Qa5 16. Bh6 Ng7 17. Nb5 Qxd2 18. Rxd2 Bxb2 19. c3 a6 20. Rxb2 axb5 21. axb5 Ra2 22. Rxa2 Bxa2 23. Rd1 Rd8 24. Be3 Ne6 25. Bf1 d5 26. exd5 Rxd5 27. Ra1 Bb3 28. Bg2 Rd7 29. h4 h5 30. Ra7 Rd1+ 31. Kh2 b6 32. Rb7 Rd6 33. Bc6 Bc4 34. Rxb6 Kg7 35. Rb8 f6 36. Bg2 Bd5 37. Bxd5 Rxd5 38. b6 Rd1 39. Re8 Rb1 40. Rxe6 1-0


[Site "https://www.chess.com"]

[Event "Titled Tuesday Blitz September 27 Early 2022"]
[White "Pakleza, Zbigniew"]
[Black "Ernst, Sipke"]
[WhiteFideId "1119290"]
[BlackFideId "1004689"]
[WhiteElo "2411"]
[BlackElo "2436"]
[Result "1-0"]
[Round "06"]
[TimeControl "180+1"]
[Date "2022.09.27"]
[WhiteClock "0:00:03"]
[BlackClock "0:00:17"]

1. d4 d5 2. Bf4 Nf6 3. e3 e6 4. Nd2 Bd6 5. Bg3 c5 6. c3 Qc7 7. Ngf3 Nbd7 8. Be2 b6 9. c4 O-O 10. Rc1 Bb7 11. O-O Bxg3 12. hxg3 Rac8 13. cxd5 Nxd5 14. dxc5 bxc5 15. Nc4 Ba6 16. Qa4 Bxc4 17. Qxc4 N7b6 18. Qh4 h6 19. b3 Rfd8 20. Ba6 Rb8 21. Rfd1 Nb4 22. Rxd8+ Rxd8 23. Bf1 a5 24. a3 N4d5 25. Bb5 Qd6 26. g4 f6 27. Qh2 Qe7 28. e4 Nc7 29. Bf1 c4 30. bxc4 Na6 31. Rb1 Na4 32. e5 Nc3 33. Re1 f5 34. gxf5 exf5 35. e6 Nc5 36. Qe5 N5e4 37. Qxf5 Rf8 38. Qxa5 Rf6 39. Rxe4 Nxe4 40. Qa8+ Qe8 41. Qxe4 Rxe6 42. Qd5 Kh8 43. c5 Qc6 44. Bc4 Qxd5 45. Bxd5 Ra6 46. c6 Rxa3 47. Ne5 Rc3 48. Nc4 1-0


[Site "https://www.chess.com"]

[Event "Titled Tuesday Blitz September 27 Early 2022"]
[White "Papp, Levente"]
[Black "Bortnyk, Mykola"]
[WhiteFideId "751243"]
[BlackFideId "14120836"]
[WhiteElo "2341"]
[BlackElo "2582"]
[Result "1-0"]
[Round "06"]
[TimeControl "180+1"]
[Date "2022.09.27"]
[WhiteClock "0:00:13"]
[BlackClock "0:00:05"]

1. c4 e5 2. g3 Nc6 3. Nc3 g6 4. Bg2 Bg7 5. e3 Nge7 6. Nge2 d6 7. O-O h5 8. h3 Nf5 9. Rb1 a5 10. a3 O-O 11. b4 axb4 12. axb4 Be6 13. Nd5 Qc8 14. b5 Nce7 15. e4 Bxd5 16. cxd5 Nd4 17. Nxd4 exd4 18. d3 c6 19. Bg5 f6 20. Bf4 Qd7 21. bxc6 bxc6 22. dxc6 Nxc6 23. Qb3+ Kh7 24. Qd5 Rfd8 25. Rfc1 Rac8 26. Kh2 h4 27. gxh4 Ne5 28. Qxd4 Rxc1 29. Rxc1 f5 30. Qe3 Re8 31. Qg3 Qf7 32. Rg1 Rf8 33. d4 Nc4 34. e5 dxe5 35. dxe5 Rd8 36. h5 gxh5 37. Bf3 Rg8 38. Bd5 Qa7 39. Qg6+ 1-0


[Site "https://www.chess.com"]

[Event "Titled Tuesday Blitz September 27 Early 2022"]
[White "Pourkashiyan, Atousa"]
[Black "Broca Jimenez, Fernando"]
[WhiteFideId "12502014"]
[BlackFideId "5104742"]
[WhiteElo "2247"]
[BlackElo "2062"]
[Result "1-0"]
[Round "06"]
[TimeControl "180+1"]
[Date "2022.09.27"]
[WhiteClock "0:00:18"]
[BlackClock "0:00:05"]

1. g3 g6 2. Bg2 Bg7 3. Nf3 Nf6 4. O-O O-O 5. c4 d6 6. Nc3 Nbd7 7. d4 e5 8. e4 c6 9. Re1 Qc7 10. h3 Re8 11. Bg5 h6 12. Be3 Nf8 13. Rc1 Bd7 14. Qd2 Kh7 15. Red1 Rad8 16. d5 c5 17. Nh2 g5 18. f4 exf4 19. gxf4 gxf4 20. Bxf4 Ng6 21. Be3 Ne5 22. Ne2 Nh5 23. Rf1 Rg8 24. Nf4 Nxf4 25. Bxf4 Rdf8 26. Kh1 Bc8 27. Nf3 Qe7 28. Nxe5 Bxe5 29. Bxe5 Qxe5 30. Qf4 Qxb2 31. Rf2 Qe5 32. Rcf1 Qxf4 33. Rxf4 Rg7 34. Rf6 Rd8 35. Rxf7 Kg8 36. R7f6 1-0


[Site "https://www.chess.com"]

[Event "Titled Tuesday Blitz September 27 Early 2022"]
[White "Przybylski, Wojciech"]
[Black "Smietanska, Wiktoria"]
[WhiteFideId "1117599"]
[BlackFideId "21869359"]
[WhiteElo "2133"]
[BlackElo "1847"]
[Result "1-0"]
[Round "06"]
[TimeControl "180+1"]
[Date "2022.09.27"]
[WhiteClock "0:00:19"]
[BlackClock "0:00:06"]

1. e4 c5 2. Nf3 d6 3. a4 Nf6 4. d3 Nc6 5. g3 g6 6. Bg2 Bg7 7. O-O O-O 8. Re1 e6 9. c3 d5 10. e5 Nd7 11. d4 cxd4 12. cxd4 a6 13. Bg5 Qb6 14. Qd2 Qb4 15. Nc3 Re8 16. a5 Nxa5 17. Ra4 Qb6 18. Nxd5 exd5 19. Rxa5 Qe6 20. Bh6 Nb6 21. b3 Bd7 22. Rc1 Bb5 23. Bxg7 Kxg7 24. Rc5 Rac8 25. h3 Rxc5 26. dxc5 Nd7 27. Nd4 Qxe5 28. Nxb5 axb5 29. Rxb5 Qe1+ 30. Qxe1 Rxe1+ 31. Kh2 d4 32. b4 d3 33. Rxb7 Ne5 34. Bd5 d2 35. Bb3 Rd1 36. Bxd1 1-0


[Site "https://www.chess.com"]

[Event "Titled Tuesday Blitz September 27 Early 2022"]
[White "Pultinevicius, Paulius"]
[Black "Andreikin, Dmitry"]
[WhiteFideId "12809390"]
[BlackFideId "4158814"]
[WhiteElo "2472"]
[BlackElo "2736"]
[Result "0-1"]
[Round "06"]
[TimeControl "180+1"]
[Date "2022.09.27"]
[WhiteClock "0:00:27"]
[BlackClock "0:01:02"]

1. d4 Nf6 2. Nf3 e6 3. c4 d5 4. Nc3 Nbd7 5. Bg5 h6 6. Bh4 Be7 7. e3 b6 8. cxd5 Nxd5 9. Nxd5 exd5 10. Bxe7 Qxe7 11. Bd3 c5 12. dxc5 bxc5 13. O-O O-O 14. Rc1 Rb8 15. b3 Rb6 16. Qc2 Bb7 17. Rfe1 Re8 18. Bh7+ Kh8 19. Bf5 Rf6 20. Bxd7 Qxd7 21. Qxc5 Rxf3 22. gxf3 Qh3 23. Qc7 Re6 24. Qxf7 Rf6 25. Qe8+ Kh7 26. Rc7 Qxf3 27. Rxb7 Qxf2+ 28. Kh1 Qxe1+ 29. Kg2 Qf1+ 30. Kg3 Rf3+ 0-1


[Site "https://www.chess.com"]

[Event "Titled Tuesday Blitz September 27 Early 2022"]
[White "Quirke, Jeffrey"]
[Black "Acosta Villarroel, Lorner Jesus"]
[WhiteFideId "2013029"]
[BlackFideId "3906337"]
[WhiteElo "2136"]
[BlackElo "2325"]
[Result "1/2-1/2"]
[Round "06"]
[TimeControl "180+1"]
[Date "2022.09.27"]
[WhiteClock "0:00:02"]
[BlackClock "0:00:09"]

1. c4 e6 2. g3 d5 3. Bg2 c5 4. Nf3 d4 5. e3 Nc6 6. exd4 cxd4 7. d3 Nf6 8. O-O h6 9. Re1 Bd6 10. Nbd2 O-O 11. a3 a5 12. Rb1 Re8 13. Qc2 e5 14. c5 Bc7 15. b4 axb4 16. axb4 Bf5 17. b5 Ne7 18. Nxe5 Ned5 19. Ndc4 Nc3 20. Bd2 Nxb1 21. Qxb1 Nd5 22. Qb2 Nc3 23. Bxc3 dxc3 24. Qxc3 Ba5 25. Nxa5 Qxa5 26. Qxa5 Rxa5 27. Bxb7 Rxb5 28. Bc6 Rxe5 29. Rxe5 Rb1+ 30. Kg2 Bxd3 31. Bd5 Bf1+ 32. Kf3 Rc1 33. c6 Rc3+ 34. Re3 Rc5 35. Be4 Kf8 36. g4 Bb5 37. h4 Bxc6 38. Bxc6 Rxc6 39. Kg3 Rd6 40. h5 Rd4 41. f3 Rd5 42. Ra3 Rd6 43. Ra7 Rd5 44. Rb7 Rd6 45. Kf4 Rd5 46. Ke4 Rd8 47. f4 Re8+ 48. Kf5 Rd8 49. g5 hxg5 50. fxg5 Rd5+ 51. Kf4 Rc5 52. g6 fxg6 53. hxg6 Rc6 54. Kf5 Rf6+ 55. Kg5 Re6 56. Rb8+ Re8 57. Rxe8+ Kxe8 58. Kf5 Kf8 59. Ke6 Ke8 60. Kd6 Kd8 61. Ke6 Ke8 62. Kd6 Kd8 63. Ke6 Ke8 1/2-1/2


[Site "https://www.chess.com"]